 Seeded DCSS version 0.29.0-13-gc9e81de378 (webtiles) character file.

Game seed: 9759451719956098719 (custom seed)

1349 NinjaNoafa the Grappler (level 8, -8/79 HPs)
             Began as a Troll Monk on Sept 8, 2022.
             Was a Believer of Cheibriados.
             Mangled by an orc warrior
             ... wielding a +0 hand axe
              (15 damage)
             ... on level 6 of the Dungeon on Sept 9, 2022.
             The game lasted 00:07:20 (4811 turns).

NinjaNoafa the Grappler (Troll Monk)                Turns: 4811, Time: 00:07:21

Health: -8/79      AC:  5    Str: 23 (25) XL:     8   Next: 36%
Magic:  8/8        EV: 11    Int:  9 (11) God:    Cheibriados [**....]
Gold:   241        SH:  0    Dex: 22 (25) Spells: 7/7 levels left

rFire   . . .      SeeInvis .   C - +7 Singing Sword {vorpal, sonic wave}
rCold   . . .      Faith    .   (no shield)
rNeg    . . .      Spirit   .   a - +0 robe
rPois   .          Reflect  .   (helmet restricted)
rElec   .          Harm     .   z - +0 cloak
rCorr   .          Rampage  .   (gloves unavailable)
Will    .....                   (boots unavailable)
Stlth   ++........              p - amulet of the acrobat
HPRegen 1.03/turn               g - +4 ring of slaying
MPRegen 0.11/turn               h - +6 ring of dexterity

@: mighty, very slow
A: large, unfitting armour, claws 3, regeneration 1, shaggy fur 1, tough skin 1
a: Renounce Religion, Bend Time


You were on level 6 of the Dungeon.
You worshipped Cheibriados.
Cheibriados was pleased with you.
You visited 1 branch of the dungeon, and saw 6 of its levels.

You collected 241 gold pieces.

Inventory:

Hand Weapons
 C - the +7 Singing Sword (weapon) {vorpal, sonic wave}
   (You found it on level 5 of the Dungeon)

   It inflicts extra damage upon your enemies.
   It radiates damaging sonic waves as it strikes, especially in combat
   involving dangerous or numerous foes.
Missiles
 c - 73 stones
 t - 4 poisoned darts (quivered)
 E - a throwing net
 I - 3 boomerangs of dispersal
 J - 5 boomerangs
Armour
 a - a +0 robe (worn)
 z - a +0 cloak (worn)
Jewellery
 g - a +4 ring of slaying (left claw)
 h - a +6 ring of dexterity (right claw)
 p - an amulet of the acrobat (around neck)
 D - a ring of fire
 H - an amulet of guardian spirit
Wands
 w - a wand of charming (15)
Scrolls
 i - a scroll of fear {unknown}
 m - a scroll of acquirement {unknown}
 o - 8 scrolls of identify {unknown}
 q - a scroll of noise {unknown}
 s - a scroll of brand weapon {unknown}
 u - a scroll of enchant weapon {unknown}
 v - 2 scrolls of teleportation {unknown}
 x - 2 scrolls of magic mapping {unknown}
 y - a scroll of blinking {unknown}
 A - a scroll of butterflies {unknown}
 B - a scroll of vulnerability {unknown}
 F - a scroll of silence {unknown}
 K - a scroll of torment {unknown}
Potions
 b - a potion of ambrosia
 e - a potion of might
 f - a potion of curing
 j - 2 potions of haste {unknown}
 k - a potion of magic {unknown}
 l - 4 potions of mutation {unknown}
 n - 2 potions of attraction {unknown}
 r - 5 potions of flight {unknown}
 G - a potion of brilliance {unknown}


   Skills:
 + Level 4.8 Fighting
 - Level 2.4 Dodging
 - Level 1.0 Stealth
 - Level 9.0 Unarmed Combat
 + Level 2.5 Invocations


You had 7 spell levels left.
You didn't know any spells.
Your spell library contained the following spells:

 Spells                   Type           Power      Damage    Failure   Level
 Freeze                   Ice            0%         1d3       38%         1
 Slow                     Hex            0%         N/A       38%         1
 Confusing Touch          Hex            0%         N/A       77%         3
 Frozen Ramparts          Ice            0%         1d1       77%         3
 Vampiric Draining        Necr           0%         2d6       77%         3
 Hailstorm                Conj/Ice       0%         3d3       99%         4


Dungeon Overview and Level Annotations

Branches:
Dungeon (6/15)
 Temple: D:4-7

Altars:
Ashenzari
Cheibriados
Dithmenos
Hepliaklqana
Kikubaaqudgha
Nemelex Xobeh
Okawaru
Qazlal
Trog
Vehumet
Xom

Shops:
D:1 [


Innate Abilities, Weirdness & Mutations

You are too large for most types of armour.
You have claws for hands.
Your natural rate of healing is unusually fast.
You are covered in fur. (AC +1)
You have tough skin. (AC +1)


Message History

You closely miss the orc warrior. The hound barely misses you.
The orc barely misses you. Something hits you but does no damage.
The hound barely misses you.
The orc warrior hits you with a +0 hand axe!
Something hits you but does no damage. The orc hits you but does no damage.
The hound closely misses you.
You slash the orc warrior! You claw the orc warrior!
The orc warrior is severely wounded.
The hound misses you.
The orc warrior hits you with a +0 hand axe!
The orc hits you with a +0 dagger. Something hits you. The hound bites you.
The orc warrior hits you with a +0 hand axe!
* * * LOW HITPOINT WARNING * * *
You are confused.
You feel invigorated. The hound completely misses you.
The orc closely misses you. Something hits you.
The orc warrior hits you with a +0 hand axe!
* * * LOW HITPOINT WARNING * * *
The hound bites you but does no damage.
Unknown command.
It was a potion of degeneration.
There was something very wrong with that liquid.
You feel weakened.
You feel dopey.
You feel clumsy. The orc hits you with a +0 dagger.
* * * LOW HITPOINT WARNING * * *
Something hits you but does no damage. The hound bites you but does no damage.
The orc warrior hits you with a +0 hand axe!
* * * LOW HITPOINT WARNING * * *
It was a potion of curing.
You feel better.
You feel less invigorated. The hound barely misses you.
The orc hits you with a +0 dagger.
* * * LOW HITPOINT WARNING * * *
Something hits you.
* * * LOW HITPOINT WARNING * * *
The orc warrior barely misses you. The hound bites you but does no damage.
It was a potion of might.
You feel very mighty all of a sudden. The orc hits you but does no damage.
Something hits you but does no damage. The hound closely misses you.
The orc warrior hits you with a +0 hand axe!
You die...

...^#.#+# ..#####
....... #'## ...#...
#..### ##....... #....+
+........ #.####
##.$...... ..#
#.........
.#########+####ho{......
...............)@o.....#
#########.#.#.##........
#.#.#...........
#.#.#.####...... ......>
...... #.##### ..##.#
#.# .. . #.# .##


You could see an orc warrior, a hound and an orc.

Vanquished Creatures
  Menkaure (D:6)
  A water moccasin (D:5)
  A sky beast (D:5)
  An ogre (D:6)
  A phantom (D:5)
  3 scorpions
  3 hounds
  4 orc priests
  4 orc wizards
  4 iguanas
  Robin (D:2)
  7 gnolls
  8 adders
  A white imp (D:5)
  An ufetubus (D:5)
  A worm (D:2)
  2 dart slugs
  13 orcs
  7 endoplasms
  A giant cockroach (D:1)
  15 goblins
  14 hobgoblins
  5 jackals
  11 kobolds
  8 quokkas
  6 ball pythons
  11 bats
  A frilled lizard (D:1)
  4 rats
140 creatures vanquished.

Vanquished Creatures (others)
  A plant (D:5)
1 creature vanquished.

Grand Total: 141 creatures vanquished

Notes
Turn   | Place    | Note
-------+----------+-------------------------------------------
     0 | D:1      | NinjaNoafa the Troll Monk began the quest for the Orb.
     0 | D:1      | Reached XP level 1. HP: 22/22 MP: 0/0
   145 | D:1      | Reached XP level 2. HP: 28/29 MP: 1/1
   375 | D:1      | Found Ebuint's Armour Shoppe.
   402 | D:1      | Found a faded altar of an unknown god.
   409 | D:1      | Reached skill level 4 in Unarmed Combat
   497 | D:1      | Reached XP level 3. HP: 36/36 MP: 2/2
  1058 | D:2      | Reached skill level 5 in Unarmed Combat
  1058 | D:2      | Reached XP level 4. HP: 15/44 MP: 3/3
  1495 | D:2      | Found an iron altar of Okawaru.
  1693 | D:2      | Noticed Robin
  1703 | D:2      | Killed Robin
  1704 | D:2      | Reached XP level 5. HP: 47/50 MP: 4/4
  2064 | D:3      | Reached skill level 6 in Unarmed Combat
  2291 | D:3      | You fall into a shaft and drop 2 floors!
  2291 | D:5      | Entered Level 5 of the Dungeon
  2353 | D:4      | Reached XP level 6. HP: 59/59 MP: 5/5
  2355 | D:4      | Reached skill level 7 in Unarmed Combat
  3659 | D:5      | Reached skill level 8 in Unarmed Combat
  3663 | D:5      | Reached XP level 7. HP: 64/66 MP: 6/6
  3805 | D:5      | Reached skill level 9 in Unarmed Combat
  3857 | D:5      | Found the +7 Singing Sword {vorpal, sonic wave}
  4004 | D:5      | Found a sparkling altar of Nemelex Xobeh.
  4153 | D:5      | Found a stormy altar of Qazlal.
  4164 | D:5      | Reached XP level 8. HP: 77/78 MP: 7/7
  4181 | D:5      | Found an ancient bone altar of Kikubaaqudgha.
  4196 | D:5      | Found a snail-covered altar of Cheibriados.
  4201 | D:5      | Found a bloodstained altar of Trog.
  4202 | D:5      | Found a hazy altar of Hepliaklqana.
  4202 | D:5      | Found a shadowy altar of Dithmenos.
  4203 | D:5      | Found an iron altar of Okawaru.
  4205 | D:5      | Found a shimmering altar of Xom.
  4206 | D:5      | Found a broken altar of Ashenzari.
  4243 | D:5      | Became a worshipper of Cheibriados the Contemplative
  4243 | D:5      | Reached * piety under Cheibriados
  4243 | D:5      | Reached ** piety under Cheibriados
  4318 | D:6      | Found a radiant altar of Vehumet.
  4397 | D:6      | Noticed Menkaure
  4401 | D:6      | Killed Menkaure
  4402 | D:6      | Reached skill level 1 in Invocations
  4809 | D:6      | HP: 3/79 [orc warrior/+0 hand axe (14)]
  4811 | D:6      | Mangled by an orc warrior

Illustrated notes

Levels and vault maps discovered:
D:1:      dpeg_arrival_morbid_curiosity, layout_basic, basic_ecumenical_altar,
          serial_shops, shop, minivault_26, minmay_statues_item
D:2:      kb_forest_paths, layout_loops_corners, basic_altar, uniq_terence,
          uniq_robin
D:3:      layout_basic
D:4:      layout_basic
D:5:      old_forge, layout_cave_pools, nicolae_qazlal_scattered_showers,
          mainiacjoe_overflow_small_starburst, minitemple, serial_park,
          serial_park_tiny_1, serial_park_square1 [serial_park_minivault_5x5_8]
D:6:      nicolae_cairo_tiling_very_big, layout_basic, fiery_altar_vehumet,
          minmay_temple_entry_glassed_door, hangedman_abyss_or_decor_slice,
          uniq_menkaure

Skill      XL: |  1  2  3  4  5  6  7  8 |
---------------+-------------------------+-----
Unarmed Combat | 4 5 6 8 9 |  9.0
Fighting       | 4 |  4.8
Invocations    | 2 |  2.5
Dodging        | |  2.4
Stealth        | |  1.0

Action                   |  1- 3 |  4- 6 |  7- 9 || total
-------------------------+-------+-------+-------++-------
Melee: Unarmed           |    65 |   130 |    38 ||   233
       Punch             |     2 |     4 |     4 ||    10
       Double sword      |       |       |    35 ||    35
  Use: Potion            |       |       |     4 ||     4
 Stab: Sleeping          |     3 |     5 |     5 ||    13
Armor: Robe              |    19 |    42 |    40 ||   101
Dodge: Dodged            |    22 |    72 |    76 ||   170
